 Dungeon Crawl Stone Soup version 0.22-a0-78-g0f8607c5c5 (webtiles) character file.

90578 dleb1993 the Eclecticist (level 15, -17/102 HPs)
             Began as a Mummy Fire Elementalist on Jan 16, 2018.
             Was an Initiate of Gozag.
             Demolished by a scimitar of distortion (19 damage)
             ... on level 1 of the Elven Halls on Jan 17, 2018.
             The game lasted 03:16:47 (28337 turns).

dleb1993 the Eclecticist (Mummy Fire Elementalist) Turns: 28337, Time: 03:16:47

Health: -17/102    AC: 20    Str: 14    XL:     15   Next: 52%
Magic:  35/44      EV: 15    Int: 16    God:    Gozag
Gold:   281        SH:  7    Dex: 15    Spells: 19/46 levels left

rFire    + + +     SeeInvis +   z - +11 trident "Mooratua" {vamp, rElec rF+++ MR++ Str-3}
rCold    + + +     Gourm    .   l - +2 buckler
rNeg     + + +     Faith    .   d - +3 leather armour {rPois}
rPois    ∞         Spirit   .   Z - +2 helmet of the Fifty Wars {*Drain rC+++ MR+++ MP+9}
rElec    +         Reflect  .   O - scarf {repulsion}
rCorr    +         Harm     .   L - +2 pair of gloves {Dex+3}
MR       +++++                  T - +0 pair of boots
Stlth    +++.......             (no amulet)
HPRegen  0.27/turn              P - +6 ring of protection
MPRegen  0.29/turn              F - ring of see invisible

@: resistant, very slightly contaminated, repel missiles
A: no food or potions, fire vulnerability, cold resistance 1, negative energy
resistance 3, torment resistance, unbreathing, in touch with death 1
a: Potion Petition, Call Merchant, Bribe Branch, Renounce Religion


You were on level 1 of the Elven Halls.
You worshipped Gozag.
Gozag was aware of your devotion.
You were not hungry.

You visited 5 branches of the dungeon, and saw 22 of its levels.
You also visited: Sewer, Ossuary and Volcano.

You collected 8072 gold pieces.
You spent 2861 gold pieces at shops.
You paid 4930 gold pieces to Gozag.

Inventory:

Hand Weapons
 b - a +0 shortbow of freezing
 k - the +9 dagger "Jellybane" {antimagic, rF++ rC+++ Str-4 Dex+2}
   (You found it on level 1 of the Elven Halls)

   It reduces the magical energy of the wielder, and disrupts the spells and
   magical abilities of those hit.
   Natural abilities and divine invocations are not affected.
   It affects your strength (-4).
   It affects your dexterity (+2).
   It greatly protects you from fire.
   It renders you almost immune to cold.
 z - the +11 trident "Mooratua" (weapon) {vamp, rElec rF+++ MR++ Str-3}
   (You bought it in a shop on level 5 of the Lair of Beasts)

   It inflicts no extra harm, but heals its wielder when it wounds a living foe.
   It affects your strength (-3).
   It renders you almost immune to fire.
   It insulates you from electricity.
   It affects your resistance to hostile enchantments.
 H - a +4 scimitar of flaming
 Y - a +0 blowgun
Missiles
 f - 462 stones (quivered)
 h - 118 sling bullets
 i - 63 poisoned needles
 o - 178 bolts
 q - a throwing net
 u - 252 arrows
 W - 13 curare-tipped needles
Armour
 d - a +3 leather armour of poison resistance (worn)
 e - the +8 chain mail of Zyoruick {rElec Regen+}
   (You bought it in a shop on level 4 of the Lair of Beasts)

   It insulates you from electricity.
   It increases your rate of regeneration.
 l - a +2 buckler (worn)
 L - a +2 pair of gloves of dexterity (worn)
 O - a scarf of repulsion (worn)
 T - a +0 pair of boots (worn)
 Z - the +2 helmet of the Fifty Wars (worn) {*Drain rC+++ MR+++ MP+9}
   (You bought it in a shop on level 4 of the Lair of Beasts)

   It renders you almost immune to cold.
   It affects your resistance to hostile enchantments.
   It affects your magic capacity (+9).
   It causes draining when unequipped.
Magical Staves
 n - an uncursed staff of fire
Jewellery
 a - the cursed necklace of Bloodlust {*Rage +Rage MR++ Int-3 Slay+6 *Curse}
   (You found it on level 10 of the Dungeon)

   [amulet of rage]

   It affects your intelligence (-3).
   It affects your accuracy and damage with ranged weapons and melee attacks
   (+6).
   It affects your resistance to hostile enchantments.
   It lets you go berserk.
   It may make you go berserk in combat.
   It curses itself when equipped.
   It has a curse placed upon it.
 v - an uncursed ring of wizardry
 F - a ring of see invisible (right hand)
 M - an uncursed ring of flight
 P - a +6 ring of protection (left hand)
 Q - a +4 ring of slaying
 U - an uncursed ring of magical power
 V - an uncursed ring of stealth
Wands
 r - a wand of acid (9)
 A - a wand of flame (25)
 D - a wand of iceblast (7)
 G - a wand of enslavement (22)
 R - a wand of digging (7)
 S - a wand of paralysis (8)
Scrolls
 c - 6 scrolls of enchant armour
 j - 6 scrolls of remove curse
 m - 3 scrolls of enchant weapon
 w - a scroll of fog
 y - 4 scrolls of amnesia {unknown}
 E - a scroll of holy word {unknown}
 J - 5 scrolls of magic mapping
 K - 2 scrolls of fear {unknown}
 X - a scroll of vulnerability
Books
 g - a book of Geomancy

   Spells                             Type                      Level
   a - Sandblast                      Earth                        1
   b - Passwall                       Transmutation/Earth          2
   c - Stone Arrow                    Conjuration/Earth            3
   d - Petrify                        Transmutation/Earth          4
   e - Lee's Rapid Deconstruction     Earth                        5
 p - a book of Maledictions

   Spells                             Type                      Level
   a - Corona                         Hexes                        1
   b - Ensorcelled Hibernation        Hexes/Ice                    2
   c - Confuse                        Hexes                        3
   d - Tukima's Dance                 Hexes                        3
   e - Dazzling Spray                 Conjuration/Hexes            3
 s - a book of Changes

   Spells                             Type                      Level
   a - Beastly Appendage              Transmutation                1
   b - Sticks to Snakes               Transmutation                2
   c - Spider Form                    Transmutation/Poison         3
   d - Ice Form                       Ice/Transmutation            4
   e - Blade Hands                    Transmutation                5
 B - a book of Clouds

   Spells                             Type                      Level
   a - Poisonous Vapours              Poison/Air                   2
   b - Mephitic Cloud                 Conjuration/Poison/Air       3
   c - Conjure Flame                  Conjuration/Fire             3
   d - Freezing Cloud                 Conjuration/Ice/Air          6
   e - Ring of Flames                 Charms/Fire                  7
 N - a book of Summonings

   Spells                             Type                      Level
   a - Recall                         Summoning/Translocation      3
   b - Aura of Abjuration             Summoning                    5
   c - Summon Demon                   Summoning                    5
   d - Summon Forest                  Summoning/Translocation      5
   e - Summon Mana Viper              Hexes/Summoning              5
   f - Shadow Creatures               Summoning                    6
Miscellaneous
 I - a phial of floods (inert)


   Skills:
 + Level 4.9 Fighting
 + Level 1.1(1.4) Short Blades
 + Level 1.1(1.4) Long Blades
   Level 1.2(2.8) Axes
 + Level 4.0(4.2) Polearms
 - Level 1.0(2.7) Staves
 + Level 4.2 Armour
 + Level 5.4 Dodging
 + Level 5.0 Stealth
 + Level 5.7 Shields
 + Level 16.2 Spellcasting
 + Level 11.4 Conjurations
 + Level 3.0 Charms
 + Level 1.0 Translocations
 + Level 11.4 Fire Magic
 + Level 2.4 Air Magic
 + Level 2.4 Poison Magic
 + Level 1.9 Evocations


You had 19 spell levels left.
You knew the following spells:

 Your Spells              Type           Power        Failure   Level  Hunger
a - Flame Tongue          Conj/Fire      #####        1%          1    N/A
b - Throw Flame           Conj/Fire      #####.       1%          2    N/A
c - Blink                 Tloc           N/A          5%          2    N/A
d - Conjure Flame         Conj/Fire      #####...     1%          3    N/A
e - Mephitic Cloud        Conj/Pois/Air  ####....     1%          3    N/A
f - Sticky Flame          Conj/Fire      #####...     1%          4    N/A
g - Fireball              Conj/Fire      #####.....   1%          5    N/A
h - Ring of Flames        Chrm/Fire      #####.....   94%         7    N/A

Dungeon Overview and Level Annotations

Branches:
Dungeon (11/15)            Temple (1/1) D:7            Lair (6/6) D:9
 Shoals (0/4) Lair:4        Snake (0/4) Lair:3        Slime (0/5) Lair:5
    Orc (2/2) D:11            Elf (2/3) Orc:2

Altars:
Ashenzari
Cheibriados
Dithmenos
Elyvilon
Fedhas
Gozag
Hepliaklqana
Kikubaaqudgha
Makhleb
Nemelex Xobeh
Okawaru
Qazlal
Ru
Sif Muna
Trog
Uskayaw
Vehumet
Wu Jian
Xom
Yredelemnul
Zin
The Shining One
Beogh

Shops:
D:9 (   Orc:2 (%%!   Elf:2 }%   Lair:4 [   Lair:5 (


Innate Abilities, Weirdness & Mutations

You do not eat or drink.
Your flesh is vulnerable to fire.
You are immune to poison.
Your flesh is cold resistant. (rC+)
You are immune to negative energy. (rN+++)
You are immune to unholy pain and torment.
You can survive without breathing.
You are in touch with the powers of death.


Message History

* * * LOW HITPOINT WARNING * * *
The scimitar of distortion hits you but does no damage.
Space bends around you.
* * * LOW HITPOINT WARNING * * *
There is a stone staircase leading up here.
The fire elemental disappears in a puff of smoke!
You block the scimitar of distortion's attack.
You climb upwards.
There is a stone staircase leading down here.
Okay, then.
You need at least 400 gold to purchase potions right now!
The scimitar of distortion completely misses you.
You hit the scimitar of distortion but do no damage.
You block the scimitar of distortion's attack.
You barely miss the scimitar of distortion.
You block the scimitar of distortion's attack.
You hit the scimitar of distortion but do no damage.
The scimitar of distortion hits you!!
You die...
Your body crumbles into a pile of gold.

#)##.>...##............#.# ###
#.######'######'########.# ##..
##)# #.######.########.# ##...
..)## ##.....)...........###....
....####..######............'....
#.........# #.########...'....
##..####..# #.# ##.##.... ##..#
#..######[#########'###... ##..#
#..##)..(@................
##..####..##.....................
'.....##..##.....................
'......)...'.....................
#.#####..###.....................
#.# #..# ##....................
#.# #..# ##..[................
#+#####++## ##..................
...##.....## ###'##########''###


You could see a scimitar of distortion.

Vanquished Creatures
  Gastronok (Lair:1)
  5 hydras
  15 two-headed ogres
  A catoblepas (Lair:6)
  2 death yaks (Lair:6)
  Erica (D:10)
  4 ogre magi (Orc:2)
  2 orc high priests
  Sonja (Lair:2)
  8 deep elf knights
  Pikel (D:7)
  6 deep elf archers
  An orc sorcerer (Orc:1)
  32 deep elf magi
  An orc knight (Orc:1)
  6 oklob plants
  3 cyclopes
  Joseph (D:7)
  2 black mambas (Lair:5)
  A merfolk siren (Lair:4)
  A torpor snail (Lair:5)
  3 rime drakes
  29 spiny frogs
  3 komodo dragons
  A troll (D:11)
  A polar bear (Lair:5)
  4 tyrant leeches (Lair:6)
  A merfolk (Lair:4)
  16 blink frogs
  Prince Ribbit (D:6)
  11 dream sheep
  6 hippogriffs
  3 air elementals
  A shadow (D:11)
  Eustachio (D:6)
  2 wraiths (Ossuary)
  2 water elementals
  35 yaks
  A fire bat (Volcano)
  2 hogs (Lair:4)
  A hungry ghost (D:11)
  6 vampire mosquitoes
  6 nagas (Lair:3)
  14 water moccasins
  A warg (Orc:1)
  6 porcupines
  Duvessa (D:6)
  21 orc warriors
  3 sky beasts
  2 ice beasts
  2 black bears
  34 ogres
  A phantom (D:2)
  A necrophage (D:7)
  4 centaurs
  13 crocodiles
  26 bullfrogs
  An earth elemental (Elf:2)
  Dowan (D:6)
  A wyvern skeleton (D:9)
  3 killer bees
  3 wights (Ossuary)
  5 electric eels
  A howler monkey (D:9)
  2 crimson imps (D:8)
  17 orc priests
  2 bullfrog zombies (D:10)
  2 hounds
  2 centaur skeletons (D:4)
  12 orc wizards
  2 iguanas
  10 worker ants
  A hound skeleton (D:4)
  A worker ant zombie (D:10)
  7 gnolls (D:3)
  18 adders
  An ooze (D:6)
  An adder zombie (Ossuary)
  4 worms
  5 dart slugs
  7 leopard geckos
  63 orcs
  8 bats
  8 giant cockroaches
  12 goblins
  7 hobgoblins
  7 jackals
  2 quokkas
  9 ball pythons
  9 frilled lizards
  A hobgoblin skeleton (Ossuary)
  3 hobgoblin zombies (Ossuary)
  13 kobolds
  A kobold zombie (Ossuary)
  An orc skeleton (Ossuary)
  An orc zombie (Ossuary)
  A quokka skeleton (D:3)
  7 rats
  A bush (Lair:5)
  A fungus (Lair:5)
  3 plants
627 creatures vanquished.

Vanquished Creatures (collateral kills)
  Kirke (Lair:3)
  A deep elf high priest (Elf:1)
  A deep elf mage (Elf:1)
3 creatures vanquished.

Vanquished Creatures (others)
  4 dancing weapons (Elf:2)
  A deep elf archer (Elf:1)
  A deep elf mage (Elf:2)
  A slave (D:7)
  A killer bee (D:7)
  A howler monkey skeleton (D:7)
  An orc (Elf:2)
  19 fungi
  30 plants
59 creatures vanquished.

Grand Total: 689 creatures vanquished

Notes
Turn   | Place    | Note
-------+----------+-------------------------------------------
     0 | D:1      | dleb1993 the Mummy Fire Elementalist began the quest for the Orb.
     0 | D:1      | Reached XP level 1. HP: 13/13 MP: 4/4
   206 | D:1      | Reached XP level 2. HP: 19/19 MP: 0/5
   210 | D:1      | Learned a level 2 spell: Throw Flame
   477 | D:1      | Reached skill level 3 in Spellcasting
   610 | D:1      | Reached XP level 3. HP: 24/24 MP: 3/7
   876 | D:2      | Learned a level 2 spell: Blink
  1301 | D:2      | Reached skill level 1 in Conjurations
  1301 | D:2      | Reached XP level 4. HP: 29/31 MP: 4/9
  1443 | D:2      | Reached skill level 4 in Spellcasting
  1528 | D:2      | Noticed a phantom
  1584 | D:3      | Reached skill level 1 in Short Blades
  1690 | D:3      | Found a glowing drain.
  1699 | Sewer    | Entered a sewer
  1804 | Sewer    | Reached XP level 5. HP: 20/36 MP: 6/11
  2091 | Sewer    | Reached skill level 1 in Armour
  2095 | Sewer    | Reached skill level 1 in Fighting
  2095 | Sewer    | Reached XP level 6. HP: 40/43 MP: 6/12
  2395 | D:2      | Learned a level 3 spell: Conjure Flame
  2399 | D:2      | Learned a level 3 spell: Mephitic Cloud
  3317 | D:3      | Reached skill level 5 in Spellcasting
  3485 | D:4      | Reached XP level 7. HP: 48/48 MP: 6/14
  3491 | D:4      | Learned a level 4 spell: Sticky Flame
  3700 | D:4      | Reached skill level 1 in Shields
  4573 | D:5      | Entered Level 5 of the Dungeon
  4593 | D:5      | Reached skill level 6 in Spellcasting
  4756 | D:5      | You fall through a shaft for 2 floors!
  4760 | D:7      | Reached XP level 8. HP: 49/54 MP: 10/17
  5217 | D:6      | Noticed Eustachio
  5245 | D:6      | Killed Eustachio
  5322 | D:6      | Noticed Prince Ribbit
  5396 | D:6      | Noticed Dowan
  5396 | D:6      | Killed Prince Ribbit
  5397 | D:6      | Noticed Duvessa
  5435 | D:6      | Killed Duvessa
  5435 | D:6      | Reached skill level 7 in Spellcasting
  5435 | D:6      | Reached skill level 5 in Fire Magic
  5442 | D:6      | Learned a level 5 spell: Fireball
  5462 | D:6      | Killed Dowan
  5560 | D:6      | Identified a scroll of acquirement
  5863 | D:6      | Reached XP level 9. HP: 59/59 MP: 10/19
  5869 | D:6      | Found an ancient bone altar of Kikubaaqudgha.
  5983 | D:7      | Noticed Pikel
  5985 | D:7      | Found a staircase to the Ecumenical Temple.
  6020 | D:7      | Killed Pikel
  6020 | D:7      | Reached skill level 1 in Translocations
  6038 | Temple   | Entered the Ecumenical Temple
  6076 | Temple   | Became a worshipper of Gozag Ym Sagoz the Greedy
  6299 | D:7      | Noticed Joseph
  6540 | D:7      | Killed Joseph
  7159 | D:8      | Found a sand-covered staircase.
  7165 | Ossuary  | Entered an ossuary
  7332 | Ossuary  | Reached skill level 5 in Conjurations
  7413 | Ossuary  | Reached skill level 8 in Spellcasting
  8112 | D:9      | Found a staircase to the Lair.
  8124 | D:9      | Reached XP level 10. HP: 70/70 MP: 5/22
  8158 | D:9      | Found Bozuatz's Weapon Boutique.
  8181 | D:9      | Noticed a cyclops
  8221 | D:9      | Killed a cyclops
  8358 | D:9      | Reached skill level 1 in Long Blades
  8742 | D:9      | Noticed a two-headed ogre
  8867 | D:9      | Killed a two-headed ogre
  8867 | D:9      | Reached skill level 9 in Spellcasting
  9066 | Lair:1   | Entered Level 1 of the Lair of Beasts
  9125 | Lair:1   | Reached skill level 1 in Staves
  9317 | Lair:1   | Noticed a spiny frog
  9329 | Lair:1   | Killed a spiny frog
  9448 | Lair:1   | Noticed a spiny frog
  9478 | Lair:1   | Killed a spiny frog
  9478 | Lair:1   | Reached skill level 10 in Spellcasting
  9485 | Lair:1   | Noticed Gastronok
  9515 | D:10     | Entered Level 10 of the Dungeon
  9515 | D:10     | Noticed Erica
  9786 | D:10     | Reached XP level 11. HP: 75/75 MP: 11/25
  9875 | D:10     | Killed Erica
  9934 | D:10     | Found the cursed necklace of Bloodlust {*Rage +Rage MR++ Int-3 Slay+6 *Curse}
 10714 | D:11     | Found a staircase to the Orcish Mines.
 11670 | Orc:1    | Entered Level 1 of the Orcish Mines
 12051 | Orc:1    | Noticed an orc sorcerer
 12106 | Orc:1    | Noticed an orc knight
 12289 | Lair:1   | Killed Gastronok
 12289 | Lair:1   | Reached skill level 11 in Spellcasting
 12289 | Lair:1   | Reached skill level 1 in Evocations
 13292 | Lair:2   | Reached XP level 12. HP: 48/81 MP: 21/27
 13396 | Lair:2   | Noticed Sonja
 13400 | Lair:2   | Killed Sonja
 14350 | Lair:3   | Reached skill level 12 in Spellcasting
 14530 | Lair:3   | Found a staircase to the Snake Pit.
 15128 | Lair:4   | Found a dark tunnel.
 15181 | Volcano  | Entered a volcano
 15430 | Lair:4   | Bought a faintly glowing helmet for 351 gold pieces
 15430 | Lair:4   | Bought a runed leather armour for 185 gold pieces
 15440 | Lair:4   | Identified the +2 helmet of the Fifty Wars {*Drain rC+++ MR+++ MP+9} (You bought it in a shop on level 4 of the Lair of Beasts)
 15473 | Lair:4   | Bought a pair of embroidered gloves for 277 gold pieces
 15484 | Lair:4   | Bought a heavily runed chain mail for 351 gold pieces
 15494 | Lair:4   | Identified the +8 chain mail of Zyoruick {rElec Regen+} (You bought it in a shop on level 4 of the Lair of Beasts)
 15506 | Lair:4   | Bought a glowing robe for 136 gold pieces
 15564 | Lair:4   | Reached skill level 1 in Axes
 15647 | Lair:4   | Noticed a five-headed hydra
 15696 | Lair:4   | Killed a five-headed hydra
 15878 | Lair:4   | Noticed Kirke
 16016 | Lair:3   | Killed Kirke
 16364 | Lair:4   | Found a staircase to the Shoals.
 16746 | Lair:5   | Reached skill level 13 in Spellcasting
 16748 | Lair:5   | Reached skill level 5 in Shields
 16754 | Lair:5   | Gained mutation: You are in touch with the powers of death. [Mummy growth]
 16754 | Lair:5   | Reached XP level 13. HP: 88/88 MP: 9/30
 16763 | Lair:5   | Learned a level 7 spell: Ring of Flames
 17402 | Lair:5   | Found a staircase to the Slime Pits.
 17826 | Lair:6   | Entered Level 6 of the Lair of Beasts
 17840 | Lair:6   | Reached skill level 1 in Charms
 19050 | Lair:5   | Reached skill level 10 in Conjurations
 19492 | Lair:6   | Reached skill level 10 in Fire Magic
 19497 | Lair:6   | Reached skill level 5 in Dodging
 20607 | Orc:1    | Reached skill level 14 in Spellcasting
 20894 | Orc:2    | Entered Level 2 of the Orcish Mines
 21092 | Orc:2    | Found a staircase to the Elven Halls.
 21396 | Orc:2    | Found a roughly hewn altar of Beogh.
 21609 | Orc:2    | Reached skill level 1 in Poison Magic
 21647 | Orc:2    | Reached XP level 14. HP: 94/95 MP: 6/32
 22024 | Orc:2    | Reached skill level 1 in Air Magic
 22725 | Orc:2    | Reached skill level 15 in Spellcasting
 23095 | Orc:2    | Found a burning altar of Makhleb.
 23202 | Orc:2    | Found Woameox's Distillery.
 23202 | Orc:2    | Found Joloz's Food Emporium.
 23203 | Orc:2    | Found Qastov's Food Emporium.
 23203 | Orc:2    | Found Zumegheg's Antique Weapon Boutique.
 23656 | Elf:1    | Entered Level 1 of the Elven Halls
 23681 | Elf:1    | Got an iridescent dagger
 23682 | Elf:1    | Identified the +9 dagger "Jellybane" {antimagic, rF++ rC+++ Str-4 Dex+2} (You found it on level 1 of the Elven Halls)
 23973 | Lair:5   | Bought the +11 trident "Mooratua" {vamp, rElec rF+++ MR++ Str-3} for 1561 gold pieces
 24954 | Lair:6   | Reached skill level 1 in Polearms
 26663 | Elf:1    | Reached XP level 15. HP: 101/101 MP: 34/34
 27232 | Elf:1    | Reached skill level 16 in Spellcasting
 27650 | Elf:2    | Found Xixuol's Food Shop.
 27654 | Elf:2    | Found Fietoufam's Gadget Shop.
 28295 | Elf:2    | Found a runed gate.
 28295 | Elf:2    | Found a runed gate.
 28295 | Elf:2    | Found a runed gate.
 28306 | Elf:2    | Reached skill level 5 in Stealth
 28314 | Elf:2    | HP: 4/102 [trident of venom (12)]
 28329 | Elf:2    | HP: 2/102 [scimitar of distortion (6)]
 28337 | Elf:1    | Demolished by a scimitar of distortion

Vault maps used:
D:1:      nicolae_arrival_somewhat_less_tricky_arrival
D:2:      minmay_diamond_boxcup, first_ration, minmay_cupped
D:3:      cheibrodos_sewer_entry_sluice, minmay_shallow_snake_nest
D:4:      serial_bayou_crossing
D:5:      corexii_corridor_pit
D:6:      marbit_many_paths, hex_large, kennysheep_cross_room,
          uniq_prince_ribbit1, uniq_eustachio, uniq_duvessa
D:7:      minmay_temple_entry_junction_2, uniq_pikel, uniq_joseph
D:8:      nicolae_ossuary_entry_monument
D:9:      lair_entry_dummy, serial_shops, nicolae_shop_stone
D:10:     uniq_erica
D:11:     erik_orc_2
Temple:   nicolae_temple_the_god_donut
Lair:1:   uniq_gastronok
Lair:2:   grunt_megastairs_4, uniq_sonja
Lair:3:   minmay_snake_entry_guardpost_large
Lair:4:   elwin_shoals_entry_rooms, lightli_volcano_entry_magma_tube,
          serial_bayou_lagoon_a, minivault_23, serial_bayou_shore_b, uniq_kirke
Lair:5:   minmay_slime_entry_oklob_open, minivault_27, grunt_megastairs_1,
          infiniplex_staircase_pool
Lair:6:   minmay_lair_end_frog_pond, dpeg_oklob_1
Orc:2:    st_orc_ogre_mass, basic_altar, david_defended_altar_orc
Elf:1:    kennysheep_underground_church
Elf:2:    serial_shops, shop, shop, nicolae_shop_crystal,
          nicolae_shop_waterfront
Sewer:    sewer_frog_island_01
Ossuary:  ossuary_due_cavern
Volcano:  pf_volcano_lost_world

Skill      XL: |  1  2  3  4  5  6  7  8  9 10 11 12 13 14 15 |
---------------+----------------------------------------------+-----
Fire Magic     | 3 4 5 6 7 8 9 10 11 | 11.4
Spellcasting   | 3 4 5 6 7 8 10 11 13 14 15 16 | 16.2
Conjurations   | 1 2 4 5 6 8 9 10 11 | 11.4
Short Blades   | 1 |  1.1
Dodging        | 2 3 4 5 |  5.4
Armour         | 1 2 3 4 |  4.2
Stealth        | 2 3 4 5 |  5.0
Fighting       | 1 3 4 |  4.9
Shields        | 2 3 4 5 |  5.7
Translocations | 1 |  1.0
Long Blades    | 1 |  1.1
Staves         | 1 |  1.0
Evocations     | 1 |  1.9
Axes           | 1 |  1.2
Charms         | 3 |  3.0
Poison Magic   | 1 2 |  2.4
Air Magic      | 1 2 |  2.4
Polearms       | 1 4 |  4.0

Action                   |  1- 3 |  4- 6 |  7- 9 | 10-12 | 13-15 || total
-------------------------+-------+-------+-------+-------+-------++-------
Melee: Short sword       |    32 |    30 |       |       |       ||    62
       Staff             |       |       |    28 |    57 |    25 ||   110
       Falchion          |       |       |    38 |       |       ||    38
       Hand axe          |       |       |       |    14 |       ||    14
       Broad axe         |       |       |       |     2 |       ||     2
       Trident           |       |       |       |       |   276 ||   276
Throw: Stone             |       |       |       |       |     1 ||     1
 Cast: Flame Tongue      |    63 |   103 |   129 |   201 |   155 ||   651
       Throw Flame       |     5 |    36 |    38 |   142 |   211 ||   432
       Blink             |       |       |     3 |     3 |       ||     6
       Conjure Flame     |       |       |     1 |     5 |     4 ||    10
       Sticky Flame      |       |       |    21 |    43 |    81 ||   145
       Mephitic Cloud    |       |       |     3 |     8 |    75 ||    86
       Fireball          |       |       |     1 |   114 |   185 ||   300
Invok: Potion Petition   |       |       |     1 |     1 |     8 ||    10
       Call Merchant     |       |       |       |     1 |     1 ||     2
Evoke: Wand              |       |       |     7 |    25 |    11 ||    43
       Phial of floods   |       |       |       |       |     2 ||     2
  Use: Scroll            |       |     6 |     6 |    10 |    17 ||    39
 Stab: Sleeping          |     2 |     1 |       |       |     4 ||     7
       Confused          |       |       |       |       |    16 ||    16
       Petrified         |       |       |       |       |     5 ||     5
       Distracted        |       |       |       |       |     2 ||     2
Armor: Robe              |    10 |       |       |     4 |    20 ||    34
       Leather armour    |    26 |    34 |    41 |    34 |   109 ||   244
       Chain mail        |       |       |       |       |     2 ||     2
Dodge: Dodged            |    66 |    79 |    89 |   114 |   274 ||   622
       Deflected         |       |       |     9 |     5 |    27 ||    41
Block: Buckler           |       |     6 |    67 |    59 |   169 ||   301
       Rpst.: Falchion   |       |       |     9 |       |       ||     9

Table legend:
 A = Spawn XP
 B = Non-spawn XP
 C = Spawn XP percentage of total XP
 D = Spawn monster count
 E = Non-spawn monster count
 F = Spawn count percentage of total count
 G = Total turns spent on level
                    A         B        C        D         E        F      G
               +---------+---------+-------+---------+---------+-------+---------
         Total |       0 |  129398 |   0.0 |       0 |     631 |   0.0 | 28337
               +---------+---------+-------+---------+---------+-------+---------
           D:1 |       0 |      48 |   0.0 |       0 |      29 |   0.0 |  1004
           D:2 |       0 |     269 |   0.0 |       0 |      38 |   0.0 |  1297
           D:3 |       0 |     203 |   0.0 |       0 |      29 |   0.0 |   834
           D:4 |       0 |     478 |   0.0 |       0 |      18 |   0.0 |   955
           D:5 |       0 |     142 |   0.0 |       0 |       2 |   0.0 |   183
           D:6 |       0 |    1429 |   0.0 |       0 |      16 |   0.0 |  1028
           D:7 |       0 |    1734 |   0.0 |       0 |      12 |   0.0 |  1309
           D:8 |       0 |     297 |   0.0 |       0 |       5 |   0.0 |   621
           D:9 |       0 |    2499 |   0.0 |       0 |      20 |   0.0 |  1102
          D:10 |       0 |    1440 |   0.0 |       0 |      11 |   0.0 |   744
          D:11 |       0 |    4028 |   0.0 |       0 |      49 |   0.0 |  1881
        Lair:1 |       0 |    6386 |   0.0 |       0 |      23 |   0.0 |  1268
        Lair:2 |       0 |    3994 |   0.0 |       0 |      14 |   0.0 |  1182
        Lair:3 |       0 |    4627 |   0.0 |       0 |      17 |   0.0 |  1369
        Lair:4 |       0 |    7147 |   0.0 |       0 |      25 |   0.0 |  1142
        Lair:5 |       0 |   14134 |   0.0 |       0 |      47 |   0.0 |  3818
        Lair:6 |       0 |   20036 |   0.0 |       0 |      63 |   0.0 |  1850
         Orc:1 |       0 |    2609 |   0.0 |       0 |      31 |   0.0 |  1197
         Orc:2 |       0 |   20995 |   0.0 |       0 |      79 |   0.0 |  2155
         Elf:1 |       0 |   19214 |   0.0 |       0 |      36 |   0.0 |  1508
         Elf:2 |       0 |   16306 |   0.0 |       0 |      31 |   0.0 |   862
         Sewer |       0 |     244 |   0.0 |       0 |      19 |   0.0 |   483
       Ossuary |       0 |     613 |   0.0 |       0 |      13 |   0.0 |   347
       Volcano |       0 |     526 |   0.0 |       0 |       4 |   0.0 |   147
               +---------+---------+-------+---------+---------+-------+---------
